 Dungeon Crawl Stone Soup version 0.30-a0-743-gbfdf073431 (console) character file.

Game seed: 8716303752116237292

39 Ignak the Magician (level 3, 0/33 HPs)
             Began as an Octopode Hedge Wizard on Feb 6, 2023.
             Succumbed to an adder's poison
             ... on level 2 of the Dungeon.
             The game lasted 00:03:41 (816 turns).

Ignak the Magician (Octopode Hedge Wizard)           Turns: 816, Time: 00:03:41

Health: 0/33       AC:  1    Str:  9    XL:     3   Next: 47%
Magic:  3/7        EV: 13    Int: 18    God:
Gold:   105        SH:  5    Dex: 11    Spells: 0/8 levels left

rFire   . . .      SeeInvis .    e - +0 short sword
rCold   . . .      Faith    .    (no shield)
rNeg    . . .      Spirit   .    b - +0 hat
rPois   .          Reflect  +    g - amulet of reflection
rElec   .          Harm     .    (no ring)
rCorr   .          Rampage  .    (no ring)
Will    .....                    (no ring) Stlth
                                 (no ring)
HPRegen 0.25/turn                (no ring)
MPRegen 0.10/turn                (no ring)
                                 (no ring)
                                 (no ring)

@: berserking, lethally poisoned (0 -> -1), very slightly contaminated, very
quick
A: almost no armour, amphibious, 8 rings, camouflage 1, gelatinous body 1,
(nimble swimmer 1), tentacles
a: no special abilities


You were on level 2 of the Dungeon.
You visited 1 branch of the dungeon, and saw 2 of its levels.

You collected 105 gold pieces.

Inventory:

Hand Weapons
 a - a +0 dagger
 e - a +0 short sword (weapon)
Armour
 b - a +0 hat (worn)
Jewellery
 g - an amulet of reflection (around mantle)
Scrolls
 f - a scroll of enchant armour {unknown}
 j - a scroll of vulnerability {unknown}
 k - 2 scrolls of identify {unknown}
 m - a scroll of teleportation {unknown}
Potions
 c - 2 potions of magic
 h - a potion of heal wounds {unknown}
 i - a potion of attraction {unknown}
 l - a potion of might {unknown}


   Skills:
 + Level 0.5 Fighting
 + Level 0.6 Short Blades
 + Level 2.1 Dodging
 + Level 3.1 Stealth
 + Level 0.5 Unarmed Combat
 + Level 3.1 Spellcasting
 + Level 1.3 Conjurations
 + Level 1.3 Summonings
 + Level 1.3 Translocations
 + Level 0.0 Air Magic
 + Level 0.5 Poison Magic


You couldn't memorise any spells.
You knew the following spells:

 Your Spells              Type           Power      Damage    Failure   Level
a - Magic Dart            Conj           28%        1d4       10%         1
b - Blink                 Tloc           14%        N/A       14%         2
d - Mephitic Cloud        Conj/Pois/Air  5%         N/A       36%         3
e - Call Imp              Summ           7%         N/A       14%         2

Your spell library contained the following spells:

 Spells                   Type           Power      Damage    Failure   Level
 Slow                     Hex            8%         N/A       16%         1
 Cigotuvi's Dreadful Rot  Necr/Pois/Air  6%         N/A       22%         2


Dungeon Overview and Level Annotations

Branches:
Dungeon (2/15)

Altars:


Innate Abilities, Weirdness & Mutations

You cannot wear most types of armour.
You are amphibious.
You can wear up to eight rings at the same time.
Your skin changes colour to match your surroundings (Stealth+).
Your rubbery body absorbs attacks. (AC +1, EV +1)
((You are camouflaged when in or above water. (Stealth+)))
You have tentacles for arms and can constrict up to eight enemies at once.


Message History

The quokka bites you. You block the quokka's attack.
You closely miss the quokka. Your grab misses the quokka.
The quokka is severely wounded.
The adder hisses angrily.
The quokka bites you.
You closely miss the quokka. Your grab misses the quokka.
The quokka is severely wounded.
The quokka bites you. The adder bites you.
You closely miss the adder. Your grab misses the adder. The quokka bites you.
The adder bites you.
You closely miss the quokka. Your grab misses the quokka.
The quokka is severely wounded.
You block the quokka's attack. The adder bites you.
* * * LOW HITPOINT WARNING * * *
The adder attacks as you move away! The adder bites you.
* * * LOW HITPOINT WARNING * * *
Casting: Call Imp (safe; 14% risk of failure)
Confirm with . or Enter, or press ? or * to list all spells.
You miscast Blink.
You are very lightly contaminated with residual magic.
Nothing appears to happen.
The adder barely misses you. The adder bites you.
* * * LOW HITPOINT WARNING * * *
You are lethally poisoned!
The adder poisons you!
It was a potion of berserk rage.
A red film seems to cover your vision as you go berserk!
You feel yourself moving faster!
You feel mighty!
* * * LOW HITPOINT WARNING * * *
You feel sick. The adder bites you but does no damage.
You closely miss the adder. Your grab misses the adder.
* * * LOW HITPOINT WARNING * * *
You feel sick. The adder completely misses you.
You miss the adder. Your grab misses the adder.
* * * LOW HITPOINT WARNING * * *
You feel sick. The adder bites you but does no damage.
You miss the adder. You grab the adder. You constrict the adder.
You barely miss the adder.
The adder is lightly wounded.
You constrict the adder.
You die...

...........#
.........g.#
.......#####
........†..#
.......###.#
..####.# #.# . #.#
#.# #####
###.###.#######....#
.............@Sr...#
##............#....#
#........###.#....#
#........#.#.#....#
#........#.#.#.####
..#.###.#...#.#.#
..#. #.#.###.#.# g
#.....#.#..
#######.#.#


You could see an adder and a quokka.

Vanquished Creatures
  A worm (D:2)
  2 dart slugs
  5 ball pythons
  3 bats (D:1)
  2 endoplasms (D:1)
  A giant cockroach (D:2)
  4 hobgoblins (D:1)
  2 frilled lizards (D:1)
  3 goblins (D:1)
  5 kobolds (D:1)
  A rat (D:1)
29 creatures vanquished.

Notes
Turn   | Place    | Note
-------+----------+-------------------------------------------
     0 | D:1      | Ignak the Octopode Hedge Wizard began the quest for the
                  | Orb.
     0 | D:1      | Reached XP level 1. HP: 11/11 MP: 4/4
    83 | D:1      | Reached XP level 2. HP: 8/17 MP: 6/6
   102 | D:1      | Learned a level 2 spell: Blink
   105 | D:1      | Learned a level 2 spell: Call Imp
   425 | D:1      | Reached XP level 3. HP: 22/22 MP: 7/7
   431 | D:1      | Learned a level 3 spell: Mephitic Cloud
   814 | D:2      | HP: 1/33 [poisoned by an adder]
   816 | D:2      | Succumbed to an adder's poison

Illustrated notes

Levels and vault maps discovered:
D:1:      scummos_arrival_hexagon, layout_basic, grunt_decor_clamped,
          minivault_23, minmay_unequal
D:2:      layout_basic

Skill      XL: |  1  2 |
---------------+-------+-----
Stealth        | 3 |  3.1
Fighting       | |  0.5
Short Blades   | |  0.6
Dodging        | |  2.1
Unarmed Combat | |  0.5
Spellcasting   | |  3.1
Conjurations   | |  1.3
Summonings     | |  1.3
Translocations | |  1.3
Poison Magic   | |  0.5

Action                     || total
---------------------------++-------
  Melee: Short sword       ||    76
         Constrict         ||    24
         Dagger            ||     4
         Tentacles         ||     8
         Punch             ||     1
   Cast: Call Imp          ||     1
    Use: Potion            ||     1
   Stab: Sleeping          ||     7
 Armour: Skin              ||    12
  Dodge: Dodged            ||    33
  Block: Other             ||    12

Table legend: (Time is in decaauts)
 A = Elapsed time spent in this place.
 B = Non-inter-level travel time spent in this place.
 C = Inter-level travel time spent in this place.
 D = Time resting spent in this place.
 E = Time spent auto-exploring this place.
 F = Levels seen in this place.
 G = Mean time per level.
                   A        B        C        D        E       F      G
               +--------+--------+--------+--------+--------+-----+--------+
         Total |    812 |    790 |     22 |      0 |    421 |   2 |  406.0 |
       Dungeon |    812 |    790 |     22 |      0 |    421 |   2 |  406.0 |
               +--------+--------+--------+--------+--------+-----+--------+

Top non-repeatable levels by time:
     D:1: 718 daAuts
     D:2: 93 daAuts
